 Dungeon Crawl Stone Soup version 0.24-a0-201-gf205589 (console) character file.

Game seed: 12175898450601921737

82 bli the Slasher (level 4, -5/40 HPs)
             Began as a Minotaur Monk on Mar 23, 2019.
             Slain by Sigmund
             ... wielding a +0 scythe
              (7 damage)
             ... on level 2 of the Dungeon.
             The game lasted 00:03:29 (1286 turns).

bli the Slasher (Minotaur Monk)                     Turns: 1286, Time: 00:03:30

Health: -5/40      AC:  3    Str: 15    XL:     4   Next: 21%
Magic:  3/3        EV: 14    Int:  7    God:
Gold:   107        SH:  0    Dex: 14    Spells: 3/3 levels left

rFire    . . .     SeeInvis .   a - +0 falchion
rCold    . . .     Gourm    .   (no shield)
rNeg     . . .     Faith    .   b - +0 robe
rPois    .         Spirit   .   (helmet restricted)
rElec    .         Reflect  .   (no cloak)
rCorr    .         Harm     +   n - +0 pair of gloves
MR       .....                  (no boots)
Stlth    ++........             m - amulet of harm
HPRegen  0.13/turn              (no ring)
MPRegen  0.08/turn              (no ring)

@: no status effects
A: retaliatory headbutt, horns 2
a: no special abilities


You were on level 2 of the Dungeon.
You were not hungry.

You visited 1 branch of the dungeon, and saw 2 of its levels.

You collected 107 gold pieces.

Inventory:

Hand Weapons
 a - a +0 falchion (weapon)
Missiles
 e - 133 stones (quivered)
Armour
 b - a +0 robe (worn)
 g - a +0 ring mail
 n - a +0 pair of gloves (worn)
Jewellery
 m - an amulet of harm (around neck)
Scrolls
 d - a scroll of amnesia {unknown}
 i - a scroll of teleportation {unknown}
 j - a scroll of identify {unknown}
Potions
 h - a potion of haste {unknown}
 k - a potion of flight {unknown}
 l - a potion of heal wounds {unknown}
Comestibles
 c - 7 rations


   Skills:
 + Level 4.2 Fighting
 + Level 4.6 Long Blades
 * Level 4.5 Dodging
 - Level 1.5 Stealth


You had 3 spell levels left.
You didn't know any spells.
Your spell library was empty.

Dungeon Overview and Level Annotations

Branches:
Dungeon (2/15)

Altars:

Annotations:
D:2 Sigmund


Innate Abilities, Weirdness & Mutations

You reflexively headbutt those who attack you in melee.
You have a pair of horns on your head.


Message History

Sigmund casts a spell.
Sigmund flickers and vanishes!
Deactivating autopickup; reactivate with Ctrl-A.
You hit something.
You hear some strange, mumbled words.
A magic dart appears from out of thin air!
The magic dart hits you.
You hit something. Something hits you.
You hit something but do no damage. You miss something.
Your headbutt misses something. Something hits you!
You barely miss something. Something hits you!
You closely miss something. Something hits you but does no damage.
You hit something but do no damage. You miss something.
Your headbutt misses something. Something hits you.
* * * LOW HITPOINT WARNING * * *
You barely miss something. Something hits you.
* * * LOW HITPOINT WARNING * * *
You hit something. You hit something. Something hits you.
You die...

...........#
...........# ..........#
#########........#
..#....##......(.+
..#....##........#
.......'.........#
.......##........#
........#.#.##...#
...#'##.#...##...#####
'#.#.##.#.####..@....#
.#)#.##.#........{...<.#
.#)#.##.#..............+
.#)#.##.#..............#
..)..#..#...............
.######.#............###
......................
#.#.....#.....##+####.#
#.#.###.# ..#.# ..#.#


There were no monsters in sight!

Vanquished Creatures
  Robin (D:2)
  An adder (D:1)
  An adder skeleton (D:2)
  An adder zombie (D:2)
  A dart slug (D:2)
  A bat skeleton (D:2)
  5 giant cockroaches (D:1)
  13 goblins
  10 hobgoblins
  2 ball pythons
  2 bats (D:1)
  5 frilled lizards
  A giant cockroach zombie (D:2)
  5 kobolds (D:1)
  3 rats
52 creatures vanquished.

Notes
Turn   | Place    | Note
-------+----------+-------------------------------------------
     0 | D:1      | bli the Minotaur Monk began the quest for the Orb.
     0 | D:1      | Reached XP level 1. HP: 19/19 MP: 0/0
   199 | D:1      | Reached XP level 2. HP: 20/27 MP: 1/1
   840 | D:1      | Reached XP level 3. HP: 26/33 MP: 2/2
  1013 | D:2      | Noticed Robin
  1036 | D:2      | Killed Robin
  1036 | D:2      | Reached XP level 4. HP: 16/40 MP: 3/3
  1270 | D:2      | Noticed Sigmund
  1284 | D:2      | HP: 2/40 [something (6)]
  1286 | D:2      | Slain by Sigmund

Levels and vault maps discovered:
D:1:      ebering_trefoil_3fold, layout_basic, minmay_worlds_worst_comb
D:2:      layout_basic, lemuel_doored_altar, first_ration, serial_undead,
          serial_undead_a, serial_undead_c, serial_undead_c, serial_undead_f,
          serial_undead_b, serial_undead_d, serial_undead_a, st_stairs_9,
          minmay_goblin_kobold_house, uniq_sigmund, uniq_robin

Skill      XL: |  1  2 |
---------------+-------+-----
Long Blades    | 4 |  4.6
Dodging        | 4 |  4.5
Fighting       | 4 |  4.2
Stealth        | |  1.5

Action                   |  1- 3 |  4- 6 || total
-------------------------+-------+-------++-------
Melee: Falchion          |    76 |    17 ||    93
       Headbutt          |    19 |     3 ||    22
 Stab: Sleeping          |     5 |       ||     5
  Eat: Chunk             |       |     1 ||     1
Armor: Robe              |    10 |     2 ||    12
Dodge: Dodged            |    60 |     7 ||    67
       Rpst.: Falchion   |    16 |     6 ||    22

Table legend:
 A = Non-vault XP
 B = Vault XP
 C = Vault XP percentage of total XP
 D = Non-vault monster count
 E = Vault monster count
 F = Vault count percentage of total count
                 A         B        C        D         E       F
            +---------+---------+-------+---------+---------+-------
      Total |      46 |      72 |  61.0 |      25 |      27 |  51.9
            +---------+---------+-------+---------+---------+-------
        D:1 |      40 |      10 |  20.0 |      21 |       5 |  19.2
        D:2 |       6 |      62 |  91.2 |       4 |      22 |  84.6
            +---------+---------+-------+---------+---------+-------
